 Dungeon Crawl Stone Soup version bcrawl-1.17.3 (webtiles) character file.

Game seed: 16855078787748344012

8130 Gottschkopf the Grappler (level 11, -2/85 HPs)
             Began as a Green Draconian Transmuter on Oct 19, 2019.
             Was a High Priest of Hepliaklqana.
             Slain by a blink frog (19 damage)
             ... on level 1 of the Lair of Beasts.
             The game lasted 00:45:17 (9021 turns).

Gottschkopf the Grappler (DrTm)                     Turns: 9021, Time: 00:45:17

Health: -2/85      AC:  8    Str: 14    XL:     11   Next: 5%
Magic:  12/17      EV: 15    Int: 20    God:    Hepliaklqana [*****.]
Gold:   437        SH:  0    Dex: 14    Spells: 10/19 levels left

rFire    . . .     SeeInvis +     - Unarmed
rCold    . . .     Gourm    .   (shield currently unavailable)
rNeg     . . .     Faith    +   (armour unavailable)
rPois    +         Spirit   .   E - +1 hat
rElec    .         Reflect  .   (no cloak)
rCorr    .         Harm     .   (gloves currently unavailable)
MR       .....                  (no boots)
Stlth    ++........             L - amulet of faith
HPRegen  0.24/turn              C - +3 ring of dexterity
MPRegen  0.15/turn              H - ring of wizardry

@: blade hands
A: breathe noxious fumes, unfitting armour, reduced essence, see invisible,
clever 2, poison resistance, cold-blooded, AC +7
a: Breathe Noxious Fumes, End Transformation, Recall Ancestor, Ancestor
Identity, Transference, Incarnate, Renounce Religion


You were on level 1 of the Lair of Beasts.
You worshipped Hepliaklqana.
Hepliaklqana was extremely pleased with you.
You were hungry.
You had blades for hands.
You visited 3 branches of the dungeon, and saw 10 of its levels.

You collected 677 gold pieces.
You spent 240 gold pieces at shops.

Inventory:

Hand Weapons
 e - a cursed -3 whip
 x - a +0 blowgun
Missiles
 a - 1279 arrows
 u - 16 curare-tipped needles
 y - 130 poisoned needles
 O - a throwing net (quivered) {!f}
Armour
 n - a +1 pair of gloves (melded)
 E - a +1 hat (worn)
 K - a cursed +0 ring mail
Jewellery
 p - an uncursed ring of protection from cold
 s - a +3 ring of strength
 w - an uncursed ring of protection from magic
 B - an uncursed ring of ice
 C - a +3 ring of dexterity (left scythe-like blade)
 F - an uncursed amulet of the gourmand
 H - a ring of wizardry (right scythe-like blade)
 L - an amulet of faith (around neck)
Wands
 l - a wand of iceblast (6)
 m - a wand of flame (64)
 A - a wand of paralysis (13)
 P - a wand of acid (6)
Scrolls
 b - 3 scrolls of magic mapping {unknown}
 f - 4 scrolls of remove curse
 g - a scroll of amnesia {unknown}
 h - 3 scrolls of fog {unknown}
 j - 7 scrolls of teleportation {unknown}
 G - 2 scrolls of noise {unknown}
 I - a scroll of fear {unknown}
 J - a scroll of enchant weapon {unknown}
 M - 3 scrolls of brand weapon {unknown}
 Q - a scroll of immolation
 S - a scroll of summoning {unknown}
Potions
 c - 2 potions of lignification
 i - a potion of cancellation
 k - 3 potions of agility
 o - 5 potions of curing
 q - a potion of ambrosia
 r - a potion of mutation
 t - 2 potions of might
 v - 2 potions of heal wounds
 z - a potion of haste
 D - a potion of flight
 N - a potion of invisibility {unknown}
 T - a potion of berserk rage {unknown}
Comestibles
 d - 21 rations {!d}
 R - a chunk of flesh


   Skills:
 - Level 8.3 Fighting
 + Level 5.8 Dodging
 - Level 2.1 Stealth
 - Level 10.0 Unarmed Combat
 - Level 4.5 Spellcasting
 - Level 9.3 Transmutations
 - Level 1.2 Poison Magic


You had 10 spell levels left.
You knew the following spells:

 Your Spells              Type           Power        Failure   Level  Hunger
a - Beastly Appendage     Tmut           #####.       4%          1    None
b - Spider Form           Tmut/Pois      ###          12%         3    ##.....
c - Blade Hands           Tmut           #####.....   17%         5    ######.

Your spell library contained the following spells:

 Spells                   Type           Power        Failure   Level  Hunger
 Sticks to Snakes         Tmut           #####...     4%          2    #......
 Corona                   Hex            #......      22%         1    None
 Summon Small Mammal      Summ           #...         22%         1    None
 Ensorcelled Hibernation  Hex/Ice        #.....       30%         2    #......
 Sublimation of Blood     Necr           #.........   30%         2    #......
 Ice Form                 Ice/Tmut       ###.....     30%         4    ####...
 Confuse                  Hex            #.......     45%         3    ##.....
 Dazzling Spray           Conj/Hex       #.....       45%         3    ##.....
 Tukima's Dance           Hex            #.......     45%         3    ##.....
 Agony                    Necr           #.......     95%         5    ######.
 Death Channel            Chrm/Necr      #.........   100%        6    #######
 Simulacrum               Ice/Necr       #.........   100%        6    #######


Dungeon Overview and Level Annotations

Branches:
Dungeon (8/12)             Temple (1/1) D:6            Lair (1/6) D:8
    Orc: D:8-11

Altars:
Cheibriados
Hepliaklqana
Lugonu
Makhleb
Nemelex Xobeh
Sif Muna
Uskayaw
Vehumet
Zin

Shops:
D:5 [:*[


Innate Abilities, Weirdness & Mutations

You can breathe blasts of noxious fumes.
Your lurid green scales are hard. (AC +7)
You cannot fit into any form of body armour.
Your system is resistant to poisons. (rPois)
You are cold-blooded and may be slowed by cold attacks.
Your life essence is reduced to manifest your ancestor. (-10% HP)
You have supernaturally acute eyesight. (SInv)
Your mind is very acute. (Int +4)


Message History

The blink frog hits Amenemopet.
You are too injured to fight recklessly!
You are too injured to fight recklessly!
You are too injured to fight recklessly!
You are too injured to fight recklessly!
You slash the blink frog!
Your tail-slap misses the blink frog.
The blink frog is heavily wounded.
The blink frog blinks!
The blink frog hits you but does no damage.
The blink frog barely misses you.
Amenemopet casts a spell at the blink frog.
The blink frog seems to slow down.
You barely miss the blink frog. The blink frog hits you!
You slash the blink frog!
The blink frog is heavily wounded.
The blink frog hits you!
* * * LOW HITPOINT WARNING * * *
The blink frog completely misses you. The blink frog hits you!!
You die...

#....#.##
##.......#
........#
##.......#
#P%......###
#..RF.....## ..
##.FFF...... ...
##..@.# .....
###.##.†## #
.....###........#.#
..................#
.................#
.#..........P.P..#
#.##........PP..##
###...........#
##............P#


You could see the friendly Amenemopet the hexer and 4 blink frogs.

Vanquished Creatures
  2 two-headed ogres (D:8)
  The ghost of cirnu the Covert, a novice VSCK of Xom (D:7)
  Joseph (D:8)
  A gargoyle (D:8)
  A cane toad (Lair:1)
  A troll (D:7)
  A blink frog (Lair:1)
  A wraith (D:8)
  4 hogs (D:7)
  A human (D:7)
  A hungry ghost (D:4)
  A porcupine (Lair:1)
  A water moccasin (Lair:1)
  4 sky beasts
  An orc warrior (D:7)
  2 ice beasts
  3 phantoms
  2 ogres (D:8)
  A centaur (D:7)
  A necrophage (D:5)
  The ghost of dscm the Sneak, an amateur OpAc (D:3)
  A crocodile (Lair:1)
  A big kobold (D:7)
  4 bullfrogs
  Blork the orc (D:6)
  A water moccasin zombie (D:6)
  A scorpion (D:5)
  2 howler monkeys
  6 wights
  A centaur zombie (D:6)
  3 crimson imps (D:7)
  4 hounds
  A jelly (D:5)
  6 orc priests
  A bullfrog skeleton (D:4)
  2 orc wizards
  4 worker ants
  2 iguanas
  A hound skeleton (D:4)
  Robin (D:4)
  7 adders
  A howler monkey skeleton (D:6)
  A shadow imp (D:7)
  An ooze (D:4)
  An adder skeleton (D:4)
  A worm (D:2)
  2 dart slugs
  3 leopard geckos
  25 orcs
  5 giant cockroaches
  5 hobgoblins
  15 jackals
  3 quokkas
  3 bats (D:2)
  A frilled lizard (D:2)
  11 goblins
  16 kobolds
  2 rats (D:1)
178 creatures vanquished.

Vanquished Creatures (collateral kills)
  A hungry ghost (D:6)
  Edmund (D:4)
  A water moccasin (Lair:1)
  2 bullfrogs (D:6)
  2 centaurs
  A crimson imp (D:4)
  An iguana (D:6)
  An orc wizard (D:4)
  A howler monkey zombie (D:6)
  An adder (D:3)
  2 adder skeletons (D:4)
  3 worms
  4 orcs
  4 goblins (D:4)
  A hobgoblin (D:4)
  A jackal (D:5)
27 creatures vanquished.

Vanquished Creatures (others)
  A hexer (D:8)
  An ancestor (D:3)
  7 fungi
  14 plants
23 creatures vanquished.

Grand Total: 228 creatures vanquished

Notes
Turn   | Place    | Note
-------+----------+-------------------------------------------
     0 | D:1      | Gottschkopf the Draconian Transmuter began the quest for
                  | the Orb.
     0 | D:1      | Reached XP level 1. HP: 16/16 MP: 3/3
   454 | D:1      | Reached XP level 2. HP: 23/23 MP: 5/5
   778 | D:1      | Found a sparkling altar of Nemelex Xobeh.
  1235 | D:2      | Reached skill level 4 in Unarmed Combat
  1368 | D:2      | Reached XP level 3. HP: 25/28 MP: 4/6
  1377 | D:2      | Learned a level 3 spell: Spider Form
  1390 | D:2      | Found a faded altar of an unknown god.
  1404 | D:2      | Became a worshipper of Hepliaklqana the Forgotten
  1404 | D:2      | Reached * piety under Hepliaklqana
  1775 | D:3      | Found a hide-covered altar of Uskayaw.
  1775 | D:3      | Found a sparkling altar of Nemelex Xobeh.
  1800 | D:3      | Reached skill level 1 in Poison Magic
  1810 | D:3      | Found a corrupted altar of Lugonu.
  1810 | D:3      | Found a glowing silver altar of Zin.
  2000 | D:3      | Reached XP level 4. HP: 12/31 MP: 2/7
  2238 | D:3      | Found a large runed translucent door.
  2239 | D:3      | Found a large runed translucent door.
  2243 | D:3      | Noticed dscm's ghost (amateur OpAc)
  2279 | D:3      | Reached XP level 5. HP: 31/36 MP: 4/8
  2535 | D:3      | Found a snail-covered altar of Cheibriados.
  2576 | D:3      | Reached ** piety under Hepliaklqana
  2577 | D:3      | Remembered your ancestor Amenemopet as a hexer
  2774 | D:3      | Killed dscm's ghost
  2774 | D:3      | Reached skill level 5 in Transmutations
  2852 | D:4      | Reached XP level 6. HP: 36/42 MP: 7/9
  3091 | D:4      | Noticed Edmund
  3105 | D:4      | Noticed Robin
  3111 | D:4      | Killed Edmund
  3111 | D:4      | Reached skill level 5 in Unarmed Combat
  3115 | D:4      | Killed Robin
  3263 | D:4      | Reached skill level 6 in Unarmed Combat
  3263 | D:4      | Your scales start taking on a lurid green colour.
  3263 | D:4      | Reached XP level 7. HP: 44/46 MP: 10/10
  3263 | D:4      | Gained mutation: Your system is resistant to poisons.
                  | (rPois) [Green Draconian growth]
  3573 | D:4      | Identified the Volume of the Entourage and Sinister Rites
  3596 | D:4      | Reached skill level 7 in Unarmed Combat
  4075 | D:4      | Noticed a hungry ghost
  4156 | D:4      | Killed a hungry ghost
  4252 | D:4      | Reached skill level 8 in Unarmed Combat
  4259 | D:5      | Entered Level 5 of the Dungeon
  4259 | D:5      | Found Hutesos's Antique Armour Shoppe.
  4267 | D:5      | Bought an embroidered hat for 196 gold pieces
  4278 | D:5      | Gained mutation: Your mind is acute. (Int +2) [potion of
                  | mutation]
  4278 | D:5      | Gained mutation: Your mind is very acute. (Int +4) [potion
                  | of mutation]
  4278 | D:5      | Gained mutation: You have supernaturally acute eyesight.
                  | (SInv) [potion of mutation]
  4330 | D:5      | Found Kisymeig's General Store.
  4336 | D:5      | Bought a scroll of identify for 22 gold pieces
  4336 | D:5      | Bought a scroll of identify for 22 gold pieces
  4404 | D:5      | Found Reomehal's Antique Armour Shop.
  4471 | D:5      | Learned a level 5 spell: Blade Hands
  4484 | D:5      | Found a shimmering blue altar of Sif Muna.
  4537 | D:5      | Reached XP level 8. HP: 49/53 MP: 11/11
  4673 | D:5      | Reached *** piety under Hepliaklqana
  4675 | D:5      | Found Giasell Icif's Book Emporium.
  5186 | D:6      | Found a staircase to the Ecumenical Temple.
  5192 | Temple   | Entered the Ecumenical Temple
  5390 | D:6      | Reached skill level 9 in Unarmed Combat
  5795 | D:6      | Reached **** piety under Hepliaklqana
  5809 | D:6      | Reached XP level 9. HP: 52/57 MP: 10/12
  5826 | D:6      | Reached skill level 10 in Unarmed Combat
  5978 | D:6      | Reached skill level 1 in Stealth
  6093 | D:6      | Noticed Blork the orc
  6098 | D:6      | Killed Blork the orc
  6376 | D:7      | Noticed a troll
  6387 | D:7      | Killed a troll
  6768 | D:7      | Reached skill level 5 in Fighting
  7146 | D:7      | Reached XP level 10. HP: 56/74 MP: 8/13
  7364 | D:7      | Found a runed translucent door.
  7364 | D:7      | Noticed cirnu's ghost (novice VSCK)
  7364 | D:7      | Identified the +5 fire dragon scales "Sadghit" {rF++ rC-
                  | MR- Regen+ Str+9 Int-2}
  7441 | D:7      | Killed cirnu's ghost
  7520 | D:7      | Found a radiant altar of Vehumet.
  7520 | D:7      | Found a burning altar of Makhleb.
  7762 | D:7      | Found a hazy altar of Hepliaklqana.
  7822 | D:8      | Reached ***** piety under Hepliaklqana
  7831 | D:8      | Found a burning altar of Makhleb.
  7845 | D:8      | Noticed a two-headed ogre
  7849 | D:8      | Noticed Joseph
  7851 | D:8      | Killed a two-headed ogre
  7866 | D:8      | Killed Joseph
  8271 | D:8      | Noticed a gargoyle
  8275 | D:8      | Killed a gargoyle
  8479 | D:8      | Noticed a two-headed ogre
  8485 | D:8      | Killed a two-headed ogre
  8578 | D:8      | Found a staircase to the Lair.
  8882 | Lair:1   | Entered Level 1 of the Lair of Beasts
  8887 | Lair:1   | Reached skill level 5 in Dodging
  8954 | Lair:1   | Noticed a cane toad
  8960 | Lair:1   | Killed a cane toad
  8960 | Lair:1   | Reached XP level 11. HP: 85/85 MP: 11/17
  9021 | Lair:1   | Slain by a blink frog

Skill      XL: |  1  2  3  4  5  6  7  8  9 10 |
---------------+-------------------------------+-----
Unarmed Combat | 4 6 8 9 10 | 10.0
Poison Magic   | 1 |  1.2
Transmutations | 3 4 5 7 9 |  9.3
Stealth        | 2 |  2.1
Fighting       | 6 8 |  8.3
Spellcasting   | 4 |  4.5
Dodging        | 5 |  5.8

Action                   |  1- 3 |  4- 6 |  7- 9 | 10-12 || total
-------------------------+-------+-------+-------+-------++-------
Melee: Unarmed           |   108 |   102 |   307 |   104 ||   621
       Kick              |     7 |     5 |    17 |     1 ||    30
       Tailslap          |     8 |     5 |    35 |    15 ||    63
       Headbutt          |     3 |       |    10 |     2 ||    15
       Punch             |       |       |    10 |     6 ||    16
 Cast: Beastly Appendage |    14 |     5 |    13 |     3 ||    35
       Spider Form       |     4 |     5 |     2 |       ||    11
       Blade Hands       |       |       |    11 |    11 ||    22
Invok: Ancestor Identity |     1 |       |       |       ||     1
       Ancestor Life: He |       |     1 |       |       ||     1
 Abil: Breathe Noxious F |       |       |       |     1 ||     1
  Use: Scroll            |       |       |    10 |       ||    10
       Potion            |       |       |     1 |     2 ||     3
 Stab: Distracted        |       |     1 |     2 |     3 ||     6
       Confused          |       |       |     1 |       ||     1
       Sleeping          |       |       |     1 |     2 ||     3
  Eat: Chunk             |     4 |     5 |    27 |     6 ||    42
       Ration            |       |       |     1 |     1 ||     2
Armor: Skin              |    22 |    21 |    86 |    19 ||   148
Dodge: Dodged            |    75 |    62 |   168 |    45 ||   350
